 Dungeon Crawl Stone Soup version 0.17-a0-1738-g82cdc46 (webtiles) character file.

53 TuckyLangle the Magician (level 3, 0/16 HPs)
             Began as a Spriggan Enchanter on Aug 30, 2015.
             Slain by an adder (2 damage)
             ... on level 2 of the Dungeon.
             The game lasted 00:05:23 (1348 turns).

TuckyLangle the Magician (Spriggan Enchanter)       Turns: 1348, Time: 00:05:23

Health: 0/16       AC:  3    Str:  4    XL:     3   Next: 62%
Magic:  1/10       EV: 18    Int: 16    God:
Gold:   38         SH:  0    Dex: 17    Spells: 2 memorised, 9 levels left

rFire  . . .     SeeInvis +     e - -2 dagger (curse)
rCold  . . .     Clarity  .     b - +1 robe
rNeg   . . .     SustAt   .     (shield restricted)
rPois  .         Gourm    .     (helmet restricted)
rElec  .         Spirit   .     (no cloak)
rCorr  .         Warding  .     (gloves unavailable)
rMut   .         Stasis   .     (boots unavailable)
MR     .....                    (no amulet)
Stlth  +++.......               (no ring)
                                (no ring)

@: lethally poisoned (0 -> -6), very quick, not resistant to hostile
enchantments, fairly stealthy
A: unfitting armour, see invisible, herbivore 3, speed 3, slow metabolism 2
a: no special abilities


You were on level 2 of the Dungeon.
You were not hungry.

You visited 1 branch of the dungeon, and saw 2 of its levels.

You collected 38 gold pieces.

Inventory:

Hand weapons
 a - a +2 dagger
 e - a cursed -2 dagger (weapon)
 f - a +1 whip of freezing
Armour
 b - a +1 robe (worn)
Jewellery
 i - an uncursed amulet of resist mutation
Scrolls
 h - a scroll of noise
Potions
 g - a potion of haste {unknown}
 j - 3 potions of lignification {unknown}
 m - a potion of agility {unknown}
Books
 c - a book of Maledictions

   Spells                             Type                      Level
   a - Corona                         Hexes                        1
   b - Ensorcelled Hibernation        Hexes/Ice                    2
   c - Confuse                        Hexes                        3
   d - Tukima's Dance                 Hexes                        3
   e - Dazzling Spray                 Conjuration/Hexes            3
Comestibles
 d - 3 bread rations


   Skills:
 - Level 1.1 Short Blades
 - Level 3.0 Dodging
 - Level 4.4 Stealth
 * Level 5.0 Spellcasting
 - Level 3.6 Hexes


You had 9 spell levels left.
You knew the following spells:

 Your Spells              Type           Power        Failure   Level  Hunger
a - Corona                Hex            ###....      4%          1    None
b - Ensorcelled Hibernat  Hex/Ice        #.....       12%         2    #......


Dungeon Overview and Level Annotations

Branches:
Dungeon (2/15)

Altars:


Innate Abilities, Weirdness & Mutations

You are tiny and cannot use many weapons and most armour.
You have supernaturally acute eyesight.
You are a herbivore.
You cover ground extremely quickly.
You need consume almost no food.


Message History

You hit the adder but do no damage.
The adder is lightly wounded.
The adder bites you.
You hit the adder.
The adder is moderately wounded.
* * * LOW HITPOINT WARNING * * *
You feel sick. The adder misses you. The adder bites you.
* * * LOW HITPOINT WARNING * * *
You are too injured to fight recklessly!
You are too injured to fight recklessly!
You hit the adder but do no damage.
The adder is moderately wounded.
The adder closely misses you.
You barely miss the adder.
The adder is moderately wounded.
The adder completely misses you.
You barely miss the adder.
The adder is lightly wounded.
The adder bites you.
You die...

#.#.....#.....................
....>.....)))................
#.....#....†....)...........
.....#.....................
#.###.###..............)......
#.........######..............
#####..#..# #......########
#.###.######......###### #
#.....#.S@.............# #
######.####.####...........# #
#........................(.# #
#......†.....#.............###
#............#...............#
#............................#
#............##...#..........#
#............##...#..........#
#............................#


You could see an adder.

Vanquished Creatures
  2 adders (D:2)
  A giant gecko (D:1)
  2 giant cockroaches (D:1)
  6 goblins
  8 hobgoblins
  2 bats (D:1)
  A giant newt (D:1)
  2 jackals (D:2)
  4 kobolds
  3 rats
31 creatures vanquished.

Notes
Turn   | Place    | Note
--------------------------------------------------------------
     0 | D:1      | TuckyLangle the Spriggan Enchanter began the quest for the Orb.
     0 | D:1      | Reached XP level 1. HP: 9/9 MP: 5/5
   221 | D:1      | Reached XP level 2. HP: 2/13 MP: 7/7
   494 | D:1      | Learned a level 2 spell: Ensorcelled Hibernation
  1000 | D:2      | Reached XP level 3. HP: 11/16 MP: 6/9
  1189 | D:2      | Reached skill level 5 in Spellcasting
  1348 | D:2      | Slain by an adder

Vault maps used:
D:1:      scummos_arrival_forest, minmay_misc_feat_five
D:2:      first_bread, st_stairs_3

Action                   || total
-------------------------++-------
Melee: Dagger            ||    76
 Cast: Ensorcelled Hiber ||    24
  Use: Scroll            ||     3
 Stab: Sleeping          ||    24
